cohdb
Replays
Latest Replays
All Replays
Popular Replays
Top Player Replays
Match Explorer
How It Works
Community
CoH3 Stats
Reddit
Sign in to upload your games and track your stats! →
Sign in with Steam
Match 40549631
Unlisted
Match 40549631
Overview
Messages
Build Orders
End
Royal Engineer Section
Construct Section Command Post
Selects Canadian Shock Battlegroup
Infantry Section
Infantry Section
Infantry Section
Selects Offensive Resupply
Construct Field Infirmary
Grenade Package
Selects Incendiary Munitions
Selects Canadian Shock Section
Construct Platoon Command Post
6-pounder Anti-tank Gun Team
Vickers Machine Gun Team
Canadian Shock Section
Selects Pyrotechnics
Construct Company Command Post
Foot Guards Section
Cular13
Bego
Saueee
Tanzdiktator
0
0
Comments
sign in to comment!
No comments posted yet!